 Dungeon Crawl Stone Soup version 0.28.0-45-g0d030f2227 (webtiles) character file.

Game seed: 12342978202903156881

979 NinjaNoafa the Ruffian (level 7, -8/57 HPs)
             Began as a Pale Draconian Transmuter on Apr 14, 2022.
             Was a Believer of Fedhas.
             Mangled by a two-headed ogre
             ... wielding a +0 giant club
              (26 damage)
             ... on level 5 of the Dungeon.
             The game lasted 00:12:18 (6272 turns).

NinjaNoafa the Ruffian (Pale Draconian Transmuter)  Turns: 6272, Time: 00:12:19

Health: -8/57      AC: 13    Str:  9 (10) XL:     7   Next: 96%
Magic:  11/12      EV: 12    Int: 13 (16) God:    Fedhas [**....]
Gold:   90         SH:  0    Dex: 10 (11) Spells: 10/13 levels left

rFire   . . .      SeeInvis .   c - +2 short sword (protect)
rCold   . . .      Faith    .   (no shield)
rNeg    . . .      Spirit   .   (armour unavailable)
rPois   .          Reflect  .   (helmet currently unavailable)
rElec   .          Harm     .   (no cloak)
rCorr   .          Rampage  .   (no gloves)
Will    .....      Clarity  +   (boots currently unavailable)
Stlth   +++.......              (no amulet)
HPRegen 0.19/turn               b - ring of Shadows {Umbra +Inv Stlth+}
MPRegen 0.13/turn               (no ring)

@: appendages, under a protective aura, wreathed by umbra
A: horns 2, talons 2, breathe steam, AC +6, unfitting armour, cold-blooded,
steam resistance, clarity, weak 1, MP-powered wands
a: Breathe Steam, End Transformation, Renounce Religion, Evoke Invisibility,
Wall of Briars


You were on level 5 of the Dungeon.
You worshipped Fedhas.
Fedhas was pleased with you.
You had temporarily grown beastly horns and talons.
You visited 1 branch of the dungeon, and saw 5 of its levels.

You collected 130 gold pieces.
You spent 40 gold pieces at shops.

Inventory:

Hand Weapons
 c - a +2 short sword of protection (weapon)
Missiles
 e - 8 poisoned darts
 i - 10 boomerangs
 m - 4 javelins
 n - 51 stones
Armour
 g - the +4 helmet of the Gate {Will++ Str+7 Int-2}
   (You found it on level 2 of the Dungeon)

   Str:       It affects your strength (+7).
   Int:       It affects your intelligence (-2).
   Will:      It greatly increases your willpower.
 p - a +0 pair of boots (melded)
Magical Staves
 a - a staff of death
Jewellery
 b - the ring of Shadows (left hand) {Umbra +Inv Stlth+}
   (You found it on level 3 of the Dungeon)

   [ring of stealth]

   It surrounds you with an aura of shadow, increasing your stealth and reducing
   the accuracy of all others within it.
   +Inv:      It lets you turn invisible.
   Stlth:     It makes you more stealthy.
Scrolls
 h - a scroll of vulnerability
 q - a scroll of amnesia
Potions
 l - a potion of brilliance


   Skills:
 - Level 3.0 Fighting
 + Level 0.3 Short Blades
 - Level 3.0 Dodging
 + Level 4.5 Unarmed Combat
 + Level 3.7 Spellcasting
 + Level 2.7 Necromancy
 * Level 4.0 Transmutations
 * Level 1.1 Poison Magic
 + Level 3.0 Invocations
 + Level 3.0 Evocations


You had 10 spell levels left.
You knew the following spells:

 Your Spells              Type           Power      Damage    Failure   Level
a - Beastly Appendage     Tmut           26%        N/A       4%          1
b - Wereblood             Tmut           13%        N/A       6%          2

Your spell library contained the following spells:

 Spells                   Type           Power      Damage    Failure   Level
 Sublimation of Blood     Necr           9%         N/A       11%         2
 Passwall                 Tmut/Erth      5%         N/A       14%         2
 Spider Form              Tmut/Pois      9%         N/A       22%         3
 Ensorcelled Hibernation  Hex/Ice        4%         N/A       32%         2
 Swiftness                Air            2%         N/A       54%         3
 Ice Form                 Ice/Tmut       7%         N/A       67%         4
 Petrify                  Tmut/Erth      7%         N/A       67%         4
 Irradiate                Conj/Tmut      3%         3d14      95%         5


Dungeon Overview and Level Annotations

Branches:
Dungeon (5/15)
 Temple: D:4-7

Altars:
Fedhas

Shops:
D:4 !


Innate Abilities, Weirdness & Mutations

You have temporarily grown beastly horns and talons.
You can breathe blasts of scalding, opaque steam.
Your pale cyan-grey scales are hard. (AC +6)
You cannot fit into any form of body armour.
You are cold-blooded and may be slowed by cold attacks.
You are immune to the effects of steam.
You possess an exceptional clarity of mind.
You are weak. (Str -2)
You expend magic power (3 MP) to strengthen your wands.


Message History

HP restored.
n - 51 stones (gained 20)
There is a stone staircase leading up here.
Found a stone staircase leading down.
There is a stone staircase leading down here.
e - 8 poisoned darts (gained 6)
A two-headed ogre is nearby!
Casting: Beastly Appendage (safe; 4% risk of failure)
Confirm with . or Enter, or press ? or * to list all spells.
Okay, then.
Casting: Beastly Appendage (safe; 4% risk of failure)
Confirm with . or Enter, or press ? or * to list all spells.
You grow a pair of large bovine horns.
Your feet morph into talons.
Your +0 pair of boots melds into your body.
The two-headed ogre shouts in stereo!
You hit the two-headed ogre.
Your weapon exudes an aura of protection.
You claw the two-headed ogre. You headbutt the two-headed ogre.
You tail-slap the two-headed ogre, but do no damage.
The two-headed ogre is lightly wounded.
The two-headed ogre closely misses you. The two-headed ogre barely misses you.
You barely miss the two-headed ogre. You claw the two-headed ogre.
You headbutt the two-headed ogre!
You punch the two-headed ogre, but do no damage.
The two-headed ogre is moderately wounded.
The two-headed ogre hits you with a +0 giant club!
The two-headed ogre hits you but does no damage.
You hit the two-headed ogre. Your kick misses the two-headed ogre.
Your headbutt misses the two-headed ogre.
The two-headed ogre is heavily wounded.
The two-headed ogre hits you with a +0 giant club! x2
You hit the two-headed ogre. You claw the two-headed ogre.
You headbutt the two-headed ogre, but do no damage.
The two-headed ogre is heavily wounded.
You hit the two-headed ogre. Your kick misses the two-headed ogre.
You headbutt the two-headed ogre.
The two-headed ogre is severely wounded.
The two-headed ogre hits you with a +0 giant club!!
You die...
Fedhas appreciates your contribution to the ecosystem.

...# #.........####. ...#
##............. ...#
#.####........ ...# ###
#.. #........ ....
#####..# #........ .....
..... .......#.### .....#
#.#.# #.####.#.#..
......##O#.# .........#.#
#.......@#.####.##<.###.#
.###.#.............# #.#
#.##.#.....#..# #..
#.##.#.....>..# #..
#.##.##.#.#...# #..
#.##.#....#..####..
#.##.#..###......<.
#.##.#..# #.#######
#.##.#.............


You could see a two-headed ogre.

Vanquished Creatures
  Sigmund (D:3)
  2 ogres (D:4)
  A centaur (D:3)
  A phantom (D:5)
  A scorpion (D:4)
  2 hounds (D:5)
  A jelly (D:3)
  2 iguanas
  4 orc wizards
  A howler monkey skeleton (D:3)
  3 adders
  A white imp (D:5)
  2 ufetubi
  A worm (D:3)
  4 dart slugs
  18 orcs
  12 ball pythons
  3 endoplasms
  A giant cockroach (D:1)
  9 goblins
  6 hobgoblins
  15 jackals
  5 kobolds
  3 quokkas
  3 bats
  3 frilled lizards
  6 rats
111 creatures vanquished.

Notes
Turn   | Place    | Note
-------+----------+-------------------------------------------
     0 | D:1      | NinjaNoafa the Draconian Transmuter began the quest for the
                  | Orb.
     0 | D:1      | Reached XP level 1. HP: 16/16 MP: 3/3
   239 | D:1      | Reached XP level 2. HP: 17/23 MP: 3/5
   857 | D:1      | Reached XP level 3. HP: 21/29 MP: 4/6
  1228 | D:2      | Found a blossoming altar of Fedhas.
  1236 | D:2      | Became a worshipper of Fedhas Madash
  1329 | D:2      | Gained mutation: You expend magic power (3 MP) to
                  | strengthen your wands. [potion of mutation]
  1329 | D:2      | Gained mutation: You are weak. (Str -2) [potion of
                  | mutation]
  1329 | D:2      | Gained mutation: You possess an exceptional clarity of
                  | mind. [potion of mutation]
  1763 | D:2      | Found a faded altar of an unknown god.
  2118 | D:2      | Reached XP level 4. HP: 36/36 MP: 4/7
  2303 | D:2      | Identified the +4 helmet of the Gate {Will++ Str+7 Int-2}
  2549 | D:3      | Found the ring of Shadows {Umbra +Inv Stlth+}
  2658 | D:3      | Reached * piety under Fedhas
  2874 | D:3      | Identified the +4 chain mail "Sehainecw" {Will- Dex+5}
  2969 | D:3      | Noticed a centaur
  2978 | D:3      | Killed a centaur
  2979 | D:3      | Reached skill level 1 in Invocations
  2979 | D:3      | Reached XP level 5. HP: 28/41 MP: 6/9
  3000 | D:3      | Noticed Sigmund
  3218 | D:3      | Killed Sigmund
  3219 | D:3      | Reached skill level 1 in Necromancy
  3219 | D:3      | Reached skill level 1 in Evocations
  3219 | D:3      | Reached XP level 6. HP: 5/50 MP: 8/10
  3924 | D:4      | Found Vycaaw's Distillery.
  4133 | D:4      | Bought a potion of brilliance for 40 gold pieces
  4204 | D:4      | Your scales start taking on a pale cyan-grey colour.
  4204 | D:4      | Reached XP level 7. HP: 21/57 MP: 9/11
  4204 | D:4      | Gained mutation: You are immune to the effects of steam.
                  | [Pale Draconian growth]
  4633 | D:4      | Learned a level 2 spell: Wereblood
  4705 | D:4      | Reached ** piety under Fedhas
  4981 | D:5      | Entered Level 5 of the Dungeon
  5564 | D:5      | Noticed a two-headed ogre
  5918 | D:5      | Reached skill level 1 in Poison Magic
  6272 | D:5      | Mangled by a two-headed ogre

Illustrated notes

Levels and vault maps discovered:
D:1:      erik_arrival_triangle_small, layout_basic
D:2:      layout_basic, ebering_ecumenical_altar_sacrificial, basic_altar
D:3:      layout_rooms, uniq_sigmund
D:4:      layout_loops_ring, serial_shops, shop
D:5:      cheibrodos_helix_gallery, layout_basic, mainiacjoe_overflow_24_doors

Skill      XL: |  1  2  3  4  5  6  7 |
---------------+----------------------+-----
Dodging        | 2 3 |  3.0
Fighting       | 2 3 |  3.0
Invocations    | 1 2 3 |  3.0
Spellcasting   | 3 |  3.7
Necromancy     | 1 2 |  2.7
Transmutations | 3 4 |  4.0
Evocations     | 1 2 3 |  3.0
Unarmed Combat | 4 |  4.5
Poison Magic   | 1 |  1.1
Short Blades   | |  0.3

Action                   |  1- 3 |  4- 6 |  7- 9 || total
-------------------------+-------+-------+-------++-------
Melee: Staff             |   127 |   150 |   100 ||   377
       Unarmed           |     7 |       |       ||     7
       Kick              |    28 |    39 |    34 ||   101
       Punch             |     3 |       |     5 ||     8
       Headbutt          |    14 |    23 |    23 ||    60
       Tailslap          |    10 |    18 |    11 ||    39
       Short sword       |       |       |    44 ||    44
 Fire: Shortbow          |       |     7 |       ||     7
 Cast: Beastly Appendage |    32 |    23 |    20 ||    75
       Wereblood         |       |       |     3 ||     3
 Abil: Breathe Steam     |       |       |     2 ||     2
  Use: Potion            |     3 |     1 |     1 ||     5
       Scroll            |       |     7 |     7 ||    14
 Stab: Sleeping          |       |     5 |     2 ||     7
Armor: Skin              |    52 |    51 |    64 ||   167
Dodge: Dodged            |   108 |   174 |   140 ||   422
